 Dungeon Crawl Stone Soup version 0.23-a0-619-g281719c (webtiles) character file.

1681 Matador8 the Caller (level 9, -2/57 HPs)
             Began as a Merfolk Summoner on Dec 22, 2018.
             Was a Follower of Nemelex Xobeh.
             Shot with a sling bullet by Joseph (9 damage)
             ... on level 7 of the Dungeon.
             The game lasted 00:58:45 (8038 turns).

Matador8 the Caller (Merfolk Summoner)              Turns: 8038, Time: 00:58:49

Health: -2/57      AC:  8    Str:  9    XL:     9   Next: 2%
Magic:  1/15       EV: 11    Int: 20    God:    Nemelex Xobeh [*.....]
Gold:   287        SH:  0    Dex: 18    Spells: 6/16 levels left

rFire    . . .     SeeInvis .   y - +1 falchion (elec)
rCold    + . .     Gourm    .   (no shield)
rNeg     . . .     Faith    .   i - +1 ring mail {MR+}
rPois    +         Spirit   .   P - +0 helmet of Grottiness {rPois Dex+4}
rElec    .         Reflect  .   e - +0 cloak
rCorr    .         Harm     .   (no gloves)
MR       +....                  (no boots)
Stlth    ++........             (no amulet)
HPRegen  0.19/turn              R - ring of protection from cold
MPRegen  0.14/turn              K - +3 ring of intelligence

@: very slightly contaminated
A: change form in water, swift swim, stealthy swim
a: Draw Escape, Draw Destruction, Draw Summoning, Renounce Religion


You were on level 7 of the Dungeon.
You worshipped Nemelex Xobeh.
Nemelex Xobeh was aware of your devotion.
You were hungry.

You visited 2 branches of the dungeon, and saw 8 of its levels.

You collected 287 gold pieces.

Inventory:

Hand Weapons
 y - a +1 falchion of electrocution (weapon)
Missiles
 f - 6 javelins
 k - 2 throwing nets (quivered)
 z - 39 poisoned needles
 J - 5 tomahawks of returning
Armour
 a - a +0 robe
 e - a +0 cloak (worn)
 i - a +1 ring mail of magic resistance (worn)
 n - a +0 scale mail
 r - a +0 ring mail
 x - a +0 shield
 H - a +0 scale mail
 P - the +0 helmet of Grottiness (worn) {rPois Dex+4}
   (You found it on level 7 of the Dungeon)

   It affects your dexterity (+4).
   It protects you from poison.
 Q - a +0 helmet
Jewellery
 D - an uncursed ring of positive energy
 K - a +3 ring of intelligence (right hand)
 R - a ring of protection from cold (left hand)
Wands
 b - a wand of clouds (2)
 u - a wand of acid (10)
 M - a wand of paralysis (11)
Scrolls
 d - 2 scrolls of enchant weapon
 g - 3 scrolls of identify
 m - a scroll of remove curse
 p - a scroll of noise {unknown}
 q - a scroll of amnesia {unknown}
 s - a scroll of random uselessness {unknown}
 A - a scroll of enchant armour {unknown}
 C - a scroll of blinking {unknown}
 E - 2 scrolls of magic mapping {unknown}
 F - 3 scrolls of fog
 G - a scroll of immolation {unknown}
 N - a scroll of teleportation {unknown}
Potions
 h - 3 potions of mutation {unknown}
 j - 3 potions of curing {unknown}
 l - a potion of flight {unknown}
 o - a potion of agility {unknown}
 t - 2 potions of degeneration {unknown}
 v - a potion of ambrosia {unknown}
 B - a potion of lignification {unknown}
 I - a potion of cancellation {unknown}
 L - a potion of might {unknown}
 O - 2 potions of haste {unknown}
Comestibles
 c - 10 rations
 w - 3 chunks of flesh


   Skills:
 + Level 5.8 Long Blades
 - Level 2.6 Dodging
 - Level 4.3 Stealth
 * Level 4.0 Spellcasting
 - Level 7.1 Summonings
 - Level 5.3 Ice Magic
 + Level 2.4 Invocations


You had 6 spell levels left.
You knew the following spells:

 Your Spells              Type           Power        Failure   Level  Hunger
a - Summon Small Mammal   Summ           ####         1%          1    None
b - Call Imp              Summ           ####....     2%          2    #......
c - Summon Guardian Gole  Hex/Summ       ###.....     24%         3    ###....
d - Summon Ice Beast      Ice/Summ       ####....     26%         4    ####...

Your spell library contained the following spells:

 Spells                   Type           Power        Failure   Level  Hunger
 Call Canine Familiar     Summ           ####....     5%          3    ###....
 Summon Lightning Spire   Summ/Air       ###.....     63%         4    ####...


Dungeon Overview and Level Annotations

Branches:
Dungeon (7/15)             Temple (1/1) D:6

Altars:
Cheibriados
Dithmenos
Elyvilon
Fedhas
Gozag
Hepliaklqana
Kikubaaqudgha
Makhleb
Nemelex Xobeh
Okawaru
Ru
Sif Muna
Trog
Uskayaw
Vehumet
Wu Jian
Yredelemnul
Zin
The Shining One

Annotations:
D:7 Joseph


Message History

The floor.
Your hell hound closely misses Joseph.
Joseph shoots a sling bullet.
The sling bullet hits your guardian golem!!
Your guardian golem explodes!
The fiery explosion engulfs your ice devil.
Your ice devil is burned terribly!
The fiery explosion engulfs Joseph.
Joseph resists.
The fiery explosion engulfs your hell hound.
Your hell hound completely resists.
Your hell hound misses Joseph.
Your ice devil is engulfed in blazing flames.
Casting: Summon Guardian Golem (safe; 24% risk of failure)
Confirm with . or Enter, or press ? or * to list all spells.
A guardian golem appears, shielding your allies.
You are feeling hungry.
Your hell hound bites Joseph.
Joseph shoots a sling bullet.
The sling bullet closely misses your ice devil.
The sling bullet hits you!
You die...
Your body disappears without a glow.

#..(..........#.(#.....#..
#.........................
#..............##.........
##.#...........###.......#
#####.........#####..#...
###......(....##..#..
##8.............#..
###.§§§(............
###..@§4@....>........
#.....§h#(............
#.?.....#@.###........
#..>.......####......#.
##..##..#...##.......##
#.. #...............## #.
.........# #.....# ##
..........###......
.##.#......##.(.....


You could see Joseph, a friendly ice devil, a friendly guardian golem and a
friendly hell hound.

Vanquished Creatures
  Grinder (D:4)
  A slave (D:4)
  An ice beast (D:5)
  A phantom (D:3)
  2 ogres (D:4)
  A big kobold (D:7)
  A bullfrog (D:6)
  A scorpion (D:4)
  2 jellies
  2 bullfrog zombies
  An orc wizard (D:5)
  3 hounds
  A centaur skeleton (D:5)
  A worker ant (D:7)
  A hound skeleton (D:5)
  A worker ant zombie (D:6)
  5 adders
  3 gnolls
  2 adder skeletons
  An adder zombie (D:5)
  4 worms
  2 dart slugs
  2 leopard geckos (D:3)
  6 orcs
  6 bats
  4 giant cockroaches
  5 goblins
  8 hobgoblins
  7 jackals
  8 kobolds
  4 quokkas
  4 frilled lizards
  A leopard gecko skeleton (D:4)
  11 rats
104 creatures vanquished.

Vanquished Creatures (collateral kills)
  Pikel (D:3)
  Sigmund (D:2)
  An ogre (D:6)
  A bullfrog (D:6)
  A wyvern zombie (D:6)
  A scorpion (D:6)
  A crimson imp (D:3)
  An orc priest (D:4)
  5 orc wizards
  A worker ant (D:5)
  2 gnolls (D:6)
  2 adders
  A worm (D:2)
  A dart slug (D:1)
  12 orcs
  2 ball pythons
  2 goblins
  6 hobgoblins
  3 jackals
  A quokka (D:3)
  2 bats (D:1)
  A jackal skeleton (D:6)
  9 kobolds
58 creatures vanquished.

Vanquished Creatures (others)
  A slave (D:4)
  An orc wizard (D:7)
  A gnoll (D:4)
3 creatures vanquished.

Grand Total: 165 creatures vanquished

Notes
Turn   | Place    | Note
-------+----------+-------------------------------------------
     0 | D:1      | Matador8 the Merfolk Summoner began the quest for the Orb.
     0 | D:1      | Reached XP level 1. HP: 13/13 MP: 3/3
   292 | D:1      | Reached XP level 2. HP: 17/19 MP: 5/5
   300 | D:1      | Learned a level 2 spell: Call Imp
   862 | D:1      | Reached XP level 3. HP: 24/24 MP: 6/6
  1504 | D:2      | Found a blossoming altar of Fedhas.
  1517 | D:2      | Found an opulent altar of Gozag.
  1518 | D:2      | Noticed Sigmund
  1898 | D:2      | Killed Sigmund
  1898 | D:2      | Reached skill level 5 in Summonings
  1898 | D:2      | Reached XP level 4. HP: 8/30 MP: 1/7
  1898 | D:2      | Reached XP level 5. HP: 10/35 MP: 1/8
  2791 | D:2      | Learned a level 3 spell: Summon Guardian Golem
  2980 | D:3      | Found a faded altar of an unknown god.
  3033 | D:3      | Found a radiant altar of Vehumet.
  3075 | D:3      | Noticed a phantom
  3172 | D:3      | Killed a phantom
  3172 | D:3      | Reached skill level 1 in Long Blades
  3172 | D:3      | Reached skill level 6 in Summonings
  3172 | D:3      | Reached XP level 6. HP: 20/41 MP: 2/9
  4266 | D:4      | Reached skill level 7 in Summonings
  4266 | D:4      | Reached XP level 7. HP: 36/46 MP: 8/10
  4272 | D:4      | Learned a level 4 spell: Summon Ice Beast
  4292 | D:4      | Noticed Grinder
  4295 | D:4      | Noticed Pikel
  4747 | D:3      | Killed Pikel
  4917 | D:4      | Paralysed by Grinder for 4 turns
  5264 | D:5      | Entered Level 5 of the Dungeon
  5449 | D:5      | Reached XP level 8. HP: 40/52 MP: 11/11
  6414 | D:4      | Paralysed by Grinder for 3 turns
  6419 | D:4      | Killed Grinder
  6419 | D:4      | Reached skill level 5 in Ice Magic
  6498 | D:6      | Reached skill level 5 in Long Blades
  6780 | D:6      | Found a staircase to the Ecumenical Temple.
  6854 | Temple   | Entered the Ecumenical Temple
  6981 | Temple   | Became a worshipper of Nemelex Xobeh the Trickster
  7005 | D:6      | Received a gift from Nemelex Xobeh
  7165 | D:6      | Reached skill level 1 in Invocations
  7417 | D:6      | Found a deep blue altar of Sif Muna.
  7417 | D:6      | Found a bloodstained altar of Trog.
  7673 | D:7      | Reached * piety under Nemelex Xobeh
  7677 | D:7      | Got a scorched helmet
  7680 | D:7      | Found a blossoming altar of Fedhas.
  7732 | D:6      | Identified the +0 helmet of Grottiness {rPois Dex+4} (You
                  | found it on level 7 of the Dungeon)
  7946 | D:7      | Reached XP level 9. HP: 54/57 MP: 6/14
  8013 | D:7      | Noticed Joseph
  8038 | D:7      | Shot with a sling bullet by Joseph

Vault maps used:
D:1:      matt_arrival_los_fun, minivault_23
D:2:      old_standard_altar, fedhas_altar_3, uniq_sigmund
D:3:      minmay_general_purpose_star, nicolae_overflow_crystal_walls,
          chequers_ecumenical_altar_simple
D:4:      uniq_pikel, uniq_grinder
D:5:      first_ration
D:6:      corexii_shack_village, nicolae_overflow_hidden_temple,
          minmay_temple_entry_glass
D:7:      lemuel_crystal_altar, lemuel_round_altar, palyth_stone_intersect,
          uniq_joseph
Temple:   nicolae_temple_great_sept

Skill      XL: |  1  2  3  4  5  6  7  8  9 |
---------------+----------------------------+-----
Stealth        | 3 4 |  4.3
Summonings     | 5 6 7 |  7.1
Long Blades    | 1 2 4 5 |  5.8
Ice Magic      | 3 5 |  5.3
Invocations    | 2 |  2.4
Spellcasting   | 3 4 |  4.0
Dodging        | |  2.6

Action                   |  1- 3 |  4- 6 |  7- 9 || total
-------------------------+-------+-------+-------++-------
Melee: Short sword       |    91 |    34 |       ||   125
       Unarmed           |    11 |       |       ||    11
       Falchion          |       |    87 |   166 ||   253
 Cast: Summon Small Mamm |    15 |    17 |    15 ||    47
       Call Imp          |    11 |    12 |     8 ||    31
       Summon Guardian G |       |     5 |    23 ||    28
       Summon Ice Beast  |       |       |    17 ||    17
 Abil: Draw Summoning    |       |       |     1 ||     1
  Use: Scroll            |       |       |     4 ||     4
 Stab: Sleeping          |     8 |    10 |     7 ||    25
       Distracted        |       |       |     1 ||     1
  Eat: Chunk             |     4 |    10 |    15 ||    29
       Ration            |       |       |     1 ||     1
Armor: Robe              |    29 |    21 |    23 ||    73
       Ring mail         |       |       |     8 ||     8
Dodge: Dodged            |    75 |    86 |   128 ||   289
       Rpst.: Falchion   |       |    18 |    41 ||    59

Table legend:
 A = Non-vault XP
 B = Vault XP
 C = Vault XP percentage of total XP
 D = Non-vault monster count
 E = Vault monster count
 F = Vault count percentage of total count
                 A         B        C        D         E       F
            +---------+---------+-------+---------+---------+-------
      Total |    1641 |     761 |  31.7 |     143 |      19 |  11.7
            +---------+---------+-------+---------+---------+-------
        D:1 |      36 |       0 |   0.0 |      26 |       0 |   0.0
        D:2 |      32 |     111 |  77.6 |      15 |       1 |   6.2
        D:3 |      96 |     425 |  81.6 |      22 |       6 |  21.4
        D:4 |     407 |     206 |  33.6 |      22 |       1 |   4.3
        D:5 |     316 |       0 |   0.0 |      18 |       0 |   0.0
        D:6 |     503 |      19 |   3.6 |      25 |      11 |  30.6
        D:7 |     251 |       0 |   0.0 |      15 |       0 |   0.0
            +---------+---------+-------+---------+---------+-------
